 Dungeon Crawl Stone Soup version 0.31.0-12-g77e489cdc1 (webtiles) character file.

Game seed: 12824661486264492187

849 Ekphrasis the Chopper (level 7, -4/61 HPs)
             Began as a Minotaur Chaos Knight on Feb 26, 2024.
             Was a Plaything of Xom.
             Slain by a phantom (5 damage)
             ... on level 5 of the Dungeon.
             The game lasted 00:11:39 (4672 turns).

Ekphrasis the Chopper (Minotaur Chaos Knight)       Turns: 4672, Time: 00:11:40

Health: -4/61      AC:  6    Str: 16    XL:     7   Next: 69%
Magic:  7/7        EV: 11    Int: 17    God:    Xom [.*....]
Gold:   229        SH:  0    Dex:  8    Spells: 5/8 levels left

rFire   . . .        a - +1 hand axe (chaos)
rCold   . . .        (no shield)
rNeg    . . .        l - +0 ring mail
rPois   .            (helmet restricted)
rElec   .            (no cloak)
rCorr   .            (no gloves)
SInv    .            (no boots)
Will    +....        (no amulet)
Stlth   +            r - ring of wizardry
HPRegen 0.30/turn    b - +6 ring of intelligence
MPRegen 0.10/turn

%: clarity, wizardry (x1)
@: enlightened, flying
A: horns 2, retaliatory headbutt, clarity, clumsy 1, sense surroundings 1, no
potion heal 1, subdued magic 1, inability to drink after injury 1
a: Renounce Religion


You were on level 5 of the Dungeon.
You worshipped Xom.
You were a plaything of Xom.
You visited 1 branch of the dungeon, and saw 5 of its levels.

You collected 229 gold pieces.

Inventory:

Hand Weapons
 a - a +1 hand axe of chaos (weapon)
 q - a +0 war axe
Missiles
 g - 3 darts of dispersal (quivered)
 o - 3 poisoned darts
Armour
 l - a +0 ring mail (worn)
Jewellery
 b - a +6 ring of intelligence (right hand)
 f - a ring of willpower
 r - a ring of wizardry (left hand)
 s - a ring of protection from fire
 u - a +4 ring of slaying
Wands
 p - a wand of roots (10)
Potions
 d - a potion of attraction {unknown}
 e - a potion of enlightenment
 h - 2 potions of haste
 i - a potion of magic {unknown}
 m - a potion of berserk rage
 n - a potion of degeneration {unknown}


   Skills:
 * Level 5.3 Fighting
 * Level 6.5 Axes
 * Level 2.0 Throwing
 * Level 4.9 Armour
 * Level 3.2 Dodging
 * Level 2.0 Stealth
 * Level 1.0 Spellcasting
 * Level 0.3 Summonings
 * Level 0.4 Ice Magic
 * Level 1.5 Evocations


You had 5 spell levels left.
You knew the following spells:

 Your Spells              Type           Power      Damage    Failure   Level
a - Summon Ice Beast      Ice/Summ       1%         N/A       32%         3

Your spell library contained the following spells:

 Spells                   Type           Power      Damage    Failure   Level
 Ozocubu's Armour         Ice            1%         N/A       32%         3
 Metabolic Englaciation   Hex/Ice        0%         N/A       97%         5
 Summon Mana Viper        Hex/Summ       1%         N/A       97%         5
 Sculpt Simulacrum        Ice/Alch       0%         N/A       100%        6
 Monstrous Menagerie      Summ           0%         N/A       100%        7


Dungeon Overview and Level Annotations

Branches:
Dungeon (5/15)
 Temple: D:4-7

Altars:


Innate Abilities, Weirdness & Mutations

You have a pair of horns on your head.
You reflexively headbutt those who attack you in melee.
You possess an exceptional clarity of mind.
You are clumsy. (Dex -2)
You passively map a small area around you.
Potions are less effective at restoring your health.
Your spells are a little easier to cast, but a little less powerful.
You occasionally lose the ability to drink potions when taking damage.


Message History

The phantom hits you but does no damage.
You closely miss the phantom. Your headbutt misses the phantom.
The phantom is heavily damaged.
The centaur shoots an arrow.
The arrow hits you. The phantom barely misses you.
The centaur shoots an arrow.
The arrow barely misses you.
Aiming: Fastroot
Press: ? - help, Shift-Dir - straight line, f - centaur
Aim: a centaur, wielding a +0 shortbow The roots erupt in riotous growth!
Roots grab the centaur.
The grasping roots constrict the centaur.
Something shouts, "Go and return not, thou froward fool-born ruminant!"
The phantom barely misses you.
The centaur shoots an arrow.
The arrow hits you.
* * * LOW HITPOINT WARNING * * *
As you read the scroll of fog, it dissolves into smoke.
The grasping roots constrict the centaur.
The centaur struggles to escape constriction.
The phantom hits you.
* * * LOW HITPOINT WARNING * * *
The centaur shoots an arrow.
The arrow closely misses you.
Unknown command.
You barely miss the phantom. Your headbutt misses the phantom.
The phantom is moderately damaged.
The grasping roots constrict the centaur.
The roots release their grip on the centaur.
The phantom hits you!
* * * LOW HITPOINT WARNING * * *
You barely miss the phantom.
The phantom is moderately damaged.
The centaur shoots an arrow.
The arrow closely misses you.
The phantom hits you but does no damage.
It was a potion of enlightenment.
You feel very buoyant.
You fly up into the air.
Xom thinks this is hilarious!
The centaur shoots an arrow.
The arrow hits you!
* * * LOW HITPOINT WARNING * * *
The phantom hits you.
You die...
Xom titters!

, ,* * , , , * * * * *
* , , * * ** ,# #####
, ###.#§#§#§##########
*
#....c§@§§..)......#*
#.#.#§#W#§#..#####.# ,
...§§§....#####.##[#
#.#.#.#.#..##.......#
............##.##.####
#.#.#.#.#.##.##.##.#
#..........#.......#
.#.#.#.#.#####.####
#######.#


You could see a phantom (strong) and a centaur.

Vanquished Creatures
  A black bear (D:5)
  A sky beast (D:5)
  An ogre (D:5)
  2 scorpions
  A bombardier beetle (D:3)
  2 jellies
  2 hounds
  An iguana (D:5)
  An orc wizard (D:5)
  Robin (D:3)
  6 gnolls
  5 adders
  A ribbon worm (D:3)
  4 dart slugs
  5 orcs
  4 bats
  10 endoplasms
  3 giant cockroaches
  9 goblins
  12 hobgoblins
  6 jackals
  3 quokkas
  4 ball pythons
  5 frilled lizards
  9 kobolds
  5 rats
104 creatures vanquished.

Vanquished Creatures (collateral kills)
  A sleepcap (D:4)
  An orc (D:4)
  A giant cockroach (D:4)
  A ball python (D:4)
4 creatures vanquished.

Grand Total: 108 creatures vanquished

Notes
Turn   | Place    | Note
-------+----------+-------------------------------------------
     0 | D:1      | Ekphrasis the Minotaur Chaos Knight began the quest for the
                  | Orb.
     0 | D:1      | Reached XP level 1. HP: 19/19 MP: 0/0
   119 | D:1      | Reached skill level 4 in Axes
   168 | D:1      | Reached XP level 2. HP: 27/27 MP: 1/1
   237 | D:1      | XOM: silly message
   382 | D:1      | XOM: silly message
   468 | D:1      | XOM: silly message
   765 | D:2      | Reached XP level 3. HP: 33/33 MP: 2/2
  1714 | D:3      | Noticed Robin
  1718 | D:3      | Reached XP level 4. HP: 29/40 MP: 3/3
  1725 | D:3      | Killed Robin
  2009 | D:3      | Reached skill level 5 in Axes
  2009 | D:3      | Reached skill level 1 in Stealth
  2010 | D:3      | HP: 1/41 [burnt (4)]
  2159 | D:3      | XOM: give mutations
  2159 | D:3      | Gained mutation: You passively map a small area around you.
                  | [Xom's mischief]
  2159 | D:3      | Gained mutation: You are clumsy. (Dex -2) [Xom's mischief]
  2159 | D:3      | Gained mutation: You occasionally lose the ability to drink
                  | potions when taking damage. [Xom's mischief]
  2159 | D:3      | Gained mutation: Potions are less effective at restoring
                  | your health. [Xom's mischief]
  2208 | D:3      | XOM: summons 2 hostile demons
  2264 | D:3      | Reached XP level 5. HP: 47/47 MP: 4/4
  2378 | D:3      | XOM: summons 3 hostile demons
  2573 | D:3      | Found a faded altar of an unknown god.
  2747 | D:4      | XOM: 8-stop teleportation journey
  2851 | D:4      | Reached skill level 1 in Throwing
  2882 | D:4      | XOM: summons 3 hostile demons
  3163 | D:4      | Reached XP level 6. HP: 53/53 MP: 5/5
  3400 | D:4      | XOM: smoke on damage
  3804 | D:5      | Entered Level 5 of the Dungeon
  3819 | D:5      | Reached skill level 5 in Fighting
  3819 | D:5      | Reached skill level 6 in Axes
  3819 | D:5      | Reached skill level 1 in Evocations
  3829 | D:5      | Reached XP level 7. HP: 52/61 MP: 6/6
  3949 | D:5      | XOM: draining
  3987 | D:5      | XOM: give mutations
  3987 | D:5      | Gained mutation: Your spells are a little easier to cast,
                  | but a little less powerful. [Xom's mischief]
  3987 | D:5      | Gained mutation: Your magical capacity is low. (-10% MP)
                  | [Xom's mischief]
  3987 | D:5      | Lost mutation: Your magical capacity is low. (-10% MP)
                  | [Xom's mischief]
  3987 | D:5      | Gained mutation: You possess an exceptional clarity of
                  | mind. [Xom's mischief]
  4082 | D:5      | Learned a level 3 spell: Summon Ice Beast
  4279 | D:5      | XOM: summons 4 hostile shadow creatures
  4564 | D:5      | Reached skill level 1 in Spellcasting
  4661 | D:5      | XOM: noise
  4672 | D:5      | HP: 1/61 [centaur/arrow (8)]
  4672 | D:5      | Slain by a phantom

Illustrated notes

Levels and vault maps discovered:
D:1:      wander_arrival_lonely_grave, layout_loops_ring, minmay_bisected
D:2:      layout_loops_ring
D:3:      layout_loops_corners, basic_ecumenical_altar, minmay_three_crescents,
          uniq_robin
D:4:      layout_loops_corners, hellmonk_no_cap
D:5:      layout_loops_cross, minmay_temple_entry_glassed_door, st_stairs_9

Skill      XL: |  1  2  3  4  5  6  7 |
---------------+----------------------+-----
Axes           | 4 5 6 |  6.5
Fighting       | 4 5 |  5.3
Armour         | 3 4 |  4.9
Dodging        | 2 3 |  3.2
Stealth        | 1 2 |  2.0
Throwing       | 1 2 |  2.0
Evocations     | 1 |  1.5
Spellcasting   | 1 |  1.0
Summonings     | |  0.3
Ice Magic      | |  0.4

Action                     |  1- 3 |  4- 6 |  7- 9 || total
---------------------------+-------+-------+-------++-------
  Melee: Hand axe          |    78 |   103 |    76 ||   257
         Headbutt          |     8 |    22 |     7 ||    37
         Punch             |       |     2 |       ||     2
  Evoke: Wand              |       |     4 |     1 ||     5
    Use: Scroll            |     4 |     4 |     4 ||    12
         Potion            |       |     2 |     2 ||     4
   Stab: Petrified         |       |     1 |       ||     1
         Confused          |       |       |     1 ||     1
 Armour: Leather armour    |    52 |       |       ||    52
         Ring mail         |    16 |    81 |    62 ||   159
  Dodge: Dodged            |    76 |    81 |    37 ||   194
